 Dungeon Crawl Stone Soup version 0.32-a0-42-ga30500b4d3 (webtiles) character file.

Game seed: 15839943457853821365

11046 Newt the Fighter (level 11, -17/89 HPs)
             Began as a Merfolk Gladiator on Jan 26, 2024.
             Was a High Priest of Okawaru.
             Demolished by Lodul
             ... wielding a +0 dire flail
              (38 damage)
             ... on level 12 of the Dungeon.
             The game lasted 00:24:31 (10002 turns).

Newt the Fighter (Merfolk Gladiator)               Turns: 10002, Time: 00:24:31

Health: -17/89     AC:  3    Str: 23    XL:     11   Next: 71%
Magic:  19/19      EV: 16    Int:  8    God:    Okawaru [*****.]
Gold:   1408       SH:  0    Dex: 21    Spells: 21/21 levels left

rFire   . . .        E - +5 dagger "Ifatweek" {elec, Will+}
rCold   + + .        (no shield)
rNeg    . . .        s - +0 leather armour of Gallantry {Will+ Regen+ Dex+4 SInv}
rPois   .            c - melded +1 helmet
rElec   .            (cloak currently unavailable)
rCorr   +            m - melded +0 pair of gloves
SInv    +            (boots currently unavailable)
Will    ++...        p - amulet of faith
Stlth   ++++         v - ring of Pilosuil {rC++ rCorr Str+6}
HPRegen 1.14/turn    h - ring of wizardry
MPRegen 0.16/turn

%: clarity, faith, wizardry (x1)
@: beast-form
A: beast (slay +4), (nimble swimmer 2), mertail, clarity
a: Begin Untransformation, Renounce Religion, Heroism, Finesse, Duel


You were on level 12 of the Dungeon.
You worshipped Okawaru.
Okawaru was extremely pleased with you.
You were a hulking beast.
You visited 2 branches of the dungeon, and saw 12 of its levels.
You also visited: Sewer, Bailey and Gauntlet.

You collected 1408 gold pieces.

Inventory:

Hand Weapons
 a - a +1 trident
 E - the +5 dagger "Ifatweek" (weapon) {elec, Will+}
   (You took it off a centaur on level 5 of the Dungeon)

   Will+:     It increases your willpower.
 M - a +3 short sword
 O - a +3 scimitar of venom
Missiles
 e - 6 javelins
 l - 40 poisoned darts
 y - 2 atropa-tipped darts
 z - 27 boomerangs (quivered)
Armour
 b - a +0 leather armour
 c - a +1 helmet (melded)
 i - a +2 leather armour of willpower
 m - a +0 pair of gloves (melded)
 o - a +1 robe of fire resistance
 s - the +0 leather armour of Gallantry (worn) {Will+ Regen+ Dex+4 SInv}
   (You found it on level 3 of the Dungeon)

   Dex+4:     It affects your dexterity (+4).
   Will+:     It increases your willpower.
   SInv:      It lets you see invisible.
   Regen+:    It increases your rate of health regeneration.
 Q - a +2 helmet
 R - a +0 ring mail of fire resistance
 T - a +1 pair of boots of flying
 X - a +0 pair of gloves of stealth
Jewellery
 h - a ring of wizardry (right hand)
 j - a ring of magical power
 k - the ring of Moozuir {rF+ rC++ Dex-4 SInv}
   (You found it in a Gauntlet)

   [ring of protection from fire]

   Dex-4:     It affects your dexterity (-4).
   rF+:       It protects you from fire.
   rC++:      It greatly protects you from cold.
   SInv:      It lets you see invisible.
 p - an amulet of faith (around neck)
 u - a ring of fire
 v - the ring of Pilosuil (left hand) {rC++ rCorr Str+6}
   (You found it in a Gauntlet)

   [ring of strength]

   Str+6:     It affects your strength (+6).
   rC++:      It greatly protects you from cold.
   rCorr:     It protects you from acid and corrosion.
 x - a ring of flight
 A - a ring of resist corrosion
 F - a ring of poison resistance
 G - a +6 ring of strength
 L - a ring of see invisible
 S - a ring of fire
 V - a +5 ring of evasion
Talismans
 I - a beast talisman (active)
Wands
 d - a wand of quicksilver (19)
 J - a wand of flame (10)
 N - a wand of iceblast (22)
 P - a wand of mindburst (5)
 U - a wand of digging (6)
Scrolls
 f - 4 scrolls of fog
 q - 2 scrolls of enchant weapon
 w - a scroll of brand weapon
 B - 2 scrolls of enchant armour
 H - 3 scrolls of teleportation
 W - 3 scrolls of identify
Potions
 g - a potion of resistance
 n - 4 potions of magic
 r - 3 potions of mutation
 t - 2 potions of cancellation
 C - 4 potions of brilliance
 D - 2 potions of enlightenment
 K - 3 potions of lignification


   Skills:
 + Level 9.1 Fighting
 - Level 6.0 Short Blades
 - Level 6.3 Polearms
 - Level 5.3 Throwing
 - Level 6.5 Dodging
 - Level 7.2 Stealth
 * Level 5.7 Spellcasting
 + Level 3.5 Conjurations
 + Level 5.7 Alchemy
 - Level 5.6 Evocations
 - Level 7.0 Shapeshifting


You had 21 spell levels left.
You didn't know any spells.
Your spell library contained the following spells:

 Spells                   Type           Power      Damage    Failure   Level
 Static Discharge         Conj/Air       10%        3-4/arc   9%          2
 Sandblast                Erth           4%         2d4       12%         1
 Stone Arrow              Conj/Erth      10%        3d7       16%         3
 Fulminant Prism          Conj/Alch      4%         3d5       16%         4
 Inner Flame              Hex/Fire       2%         N/A       32%         3
 Passwall                 Erth           2%         N/A       32%         3
 Volatile Blastmotes      Fire/Tloc      4%         2d10      32%         3
 Ignite Poison            Fire/Alch      6%         N/A       32%         4
 Sticky Flame             Fire/Alch      6%         2d4       32%         4
 Irradiate                Conj/Alch      4%         3d13      41%         5
 Brom's Barrelling Bould  Conj/Erth      5%         2d3       45%         4
 Iskenderun's Mystic Bla  Conj/Tloc      5%         2d3       45%         4
 Iskenderun's Battlesphe  Conj           8%         2d6       54%         5
 Airstrike                Air            1%         2d(1-17)  69%         4
 Vhi's Electric Charge    Tloc/Air       4%         N/A       69%         4
 Arcjolt                  Conj/Air       2%         1d12      80%         5
 Lee's Rapid Deconstruct  Erth           1%         3d4*      95%         5
 Bombard                  Conj/Erth      2%         9d1       100%        6
 Plasma Beam              Fire/Air       1%         2x1d11    100%        6
 Ignition                 Fire           1%         3d3       100%        8
 Animate Armour           Summ/Erth      Unusable   N/A       N/A         4
 Summon Lightning Spire   Summ/Air       Unusable   N/A       N/A         4
 Spellforged Servitor     Conj/Summ      Unusable   N/A       N/A         7

Dungeon Overview and Level Annotations

Branches:
Dungeon (12/15)            Temple (1/1) D:5            Lair (0/5) D:10
  Sewer (visited)          Bailey (visited)         Gauntlet (visited)
    Orc: D:9-12

Altars:
Ashenzari
Cheibriados
Dithmenos
Elyvilon
Fedhas
Gozag
Hepliaklqana
Kikubaaqudgha
Makhleb
Nemelex Xobeh
Okawaru
Qazlal
Ru
Trog
Uskayaw
Vehumet
Wu Jian
Xom
Yredelemnul
Zin
The Shining One

Shops:
D:1 =

Annotations:
D:12 Lodul


Innate Abilities, Weirdness & Mutations

You are a hulking beast.
Your limbs bulge with bestial killing power. (Slay +4)
((You are very nimble when in or above water. (Stealth+, EV+, Speed+++)))
Your lower body shifts to a powerful aquatic tail in water.
You possess an exceptional clarity of mind.


Message History

Search for what [Enter for "."]? .
There is an open door here.
There is a gate leading back out of this place, spattered with blood here.
Items here: ( )))) [[.
Welcome back to the Dungeon!
Level annotation: Lodul The ogre closely misses you.
There is an empty arch of ancient stone here.
There are monsters nearby!
Electricity crackles from Lodul's apparatus.
The bolt of lightning hits you!!
Electricity crackles from Lodul's apparatus.
The bolt of lightning hits you!
You barely miss the ogre. You puncture the ogre!
Lightning courses through the ogre!
The ogre is almost dead.
The ogre hits you with a +0 giant spiked club!!
You hit the ogre.
You kill the ogre!
Okawaru accepts your kill.
Okay, then.
Okay, then.
Aiming: Mindburst
Press: ? - help, Shift-Dir - straight line, f - Lodul
Aim: Lodul, wielding a +0 dire flail (chance to affect: 69%) Lodul's mind is blasted!!
Lodul hits you with a +0 dire flail!!
* * * LOW HITPOINT WARNING * * *
Unknown command.
Aiming: Mindburst
Press: ? - help, Shift-Dir - straight line, f/p - Lodul
Aim: Lodul, wielding a +0 dire flail (moderately wounded, chance to affect: 69%) Lodul's mind is blasted!!
You hear a shout!
Aiming: Mindburst
Press: ? - help, Shift-Dir - straight line, f/p - Lodul
Aim: Lodul, wielding a +0 dire flail (almost dead, chance to affect: 69%) Lodul struggles to resist.
Lodul hits you with a +0 dire flail!!!
You die...

....# #..........#
....# #..........#
....######..∩.......#
.................###
.................#
#########$..OO..O#
######'#O# #O# #h#
#.# #.# #.# #.# #.#
#.# ..#


You could see Lodul and 2 ogres.

Vanquished Creatures
  A minotaur (Gauntlet)
  A two-headed ogre (D:9)
  Erica (D:8)
  An orc knight (Bailey)
  A lightning spire (Gauntlet)
  A hellion (Gauntlet)
  3 hornets
  A troll (D:12)
  A raiju (Gauntlet)
  Sigmund (D:2)
  6 yaks
  3 steam dragons (D:6)
  A vampire mosquito (D:7)
  2 hell hounds (Gauntlet)
  2 black bears
  11 orc warriors
  5 ice beasts
  A sky beast (D:7)
  2 ogres
  2 wolves (D:10)
  7 centaurs
  5 kobold brigands
  2 brain worms (Sewer)
  2 bullfrogs (D:7)
  A gnoll sergeant (D:9)
  3 scorpions
  7 wights
  A howler monkey (D:7)
  3 hounds
  2 jellies
  A bombardier beetle (D:7)
  8 orc priests
  4 gnoll boudas
  3 iguanas
  Jessica (D:2)
  A sleepcap (D:5)
  Ijyb (D:3)
  7 orc wizards
  17 gnolls
  15 adders
  2 river rats (Sewer)
  A shadow imp (D:7)
  A white imp (D:7)
  2 ufetubi (D:6)
  2 dart slugs
  6 ribbon worms
  32 orcs
  4 ball pythons
  7 endoplasms
  3 giant cockroaches
  9 goblins
  11 hobgoblins
  7 jackals
  A quokka (D:4)
  3 bats
  8 frilled lizards
  53 kobolds
  5 rats
295 creatures vanquished.

Vanquished Creatures (others)
  An orc (D:7)
1 creature vanquished.

Grand Total: 296 creatures vanquished

Notes
Turn   | Place    | Note
-------+----------+-------------------------------------------
     0 | D:1      | Newt the Merfolk Gladiator began the quest for the Orb.
     0 | D:1      | Reached XP level 1. HP: 16/16 MP: 1/1
    24 | D:1      | Found Ataaq's Jewellery Emporium.
    83 | D:1      | Reached XP level 2. HP: 23/23 MP: 2/2
   464 | D:2      | Reached XP level 3. HP: 28/28 MP: 3/3
   539 | D:2      | Noticed Sigmund
   548 | D:2      | Killed Sigmund
   549 | D:2      | Reached skill level 3 in Fighting
   549 | D:2      | Reached skill level 5 in Polearms
   549 | D:2      | Reached XP level 4. HP: 28/35 MP: 4/4
   549 | D:2      | Reached XP level 5. HP: 32/41 MP: 5/5
   973 | D:2      | Found a bloodstained altar of Trog.
  1021 | D:2      | Noticed Jessica
  1031 | D:2      | Killed Jessica
  1032 | D:2      | Reached XP level 6. HP: 38/47 MP: 6/6
  1631 | D:3      | Identified the +0 leather armour of Gallantry {Will+ Regen+
                  | Dex+4 SInv}
  1900 | D:3      | Noticed Ijyb
  1920 | D:3      | Killed Ijyb
  1921 | D:3      | Reached skill level 1 in Stealth
  2320 | D:4      | Found a glowing drain.
  2408 | Sewer    | Entered a sewer
  2445 | Sewer    | Reached skill level 4 in Fighting
  2445 | Sewer    | Reached XP level 7. HP: 49/54 MP: 7/7
  3118 | D:4      | Gained mutation: You possess an exceptional clarity of
                  | mind. [potion of mutation]
  3431 | D:4      | Reached skill level 5 in Fighting
  3431 | D:4      | Reached XP level 8. HP: 48/62 MP: 8/8
  3588 | D:5      | Entered Level 5 of the Dungeon
  3667 | D:4      | HP: 1/62 [gnoll bouda/+0 club (11)]
  3748 | D:5      | Reached skill level 5 in Throwing
  3832 | D:5      | Identified the +5 dagger "Ifatweek" {elec, Will+}
  3834 | D:5      | Found a staircase to the Ecumenical Temple.
  3887 | D:5      | Reached skill level 1 in Short Blades
  4054 | D:6      | Reached skill level 6 in Fighting
  4054 | D:6      | Reached skill level 5 in Stealth
  4072 | D:6      | Found a broken altar of Ashenzari.
  4191 | Temple   | Entered the Ecumenical Temple
  4210 | Temple   | Became a worshipper of Warmaster Okawaru
  4251 | D:6      | Reached skill level 5 in Short Blades
  4251 | D:6      | Reached XP level 9. HP: 43/69 MP: 9/9
  4312 | D:5      | Reached skill level 1 in Shapeshifting
  4482 | D:5      | Found a sacrificial altar of Ru.
  4541 | D:5      | Found a snail-covered altar of Cheibriados.
  4580 | D:5      | Found a white marble altar of Elyvilon.
  4958 | D:6      | Reached * piety under Okawaru
  5219 | D:6      | Reached skill level 5 in Shapeshifting
  5693 | D:7      | Noticed a hornet
  5703 | D:7      | Killed a hornet
  5800 | D:7      | Reached skill level 1 in Evocations
  5816 | D:7      | Reached ** piety under Okawaru
  6146 | D:7      | Reached XP level 10. HP: 54/77 MP: 10/10
  6378 | D:7      | HP: 2/77 [orc warrior/+0 trident (13)]
  6383 | D:7      | Reached skill level 7 in Fighting
  6707 | D:7      | Reached *** piety under Okawaru
  6789 | D:8      | Found a glowing golden altar of the Shining One.
  7033 | D:8      | Noticed Erica
  7042 | D:8      | Killed Erica
  7042 | D:8      | Reached **** piety under Okawaru
  7043 | D:8      | Reached skill level 5 in Evocations
  7130 | D:8      | Found a glowing silver altar of Zin.
  7737 | D:9      | Reached skill level 1 in Spellcasting
  7737 | D:9      | Reached skill level 1 in Alchemy
  7766 | D:8      | Reached skill level 1 in Conjurations
  8080 | D:9      | Reached skill level 8 in Fighting
  8099 | D:9      | Reached ***** piety under Okawaru
  8220 | D:9      | Found a radiant altar of Vehumet.
  8222 | D:9      | Identified the +1 rapier of Binoox {venom, rElec Str+2
                  | Dex-3 SInv}
  8484 | D:9      | Reached XP level 11. HP: 56/81 MP: 15/15
  8614 | D:9      | Noticed a two-headed ogre
  8622 | D:9      | Killed a two-headed ogre
  8751 | D:10     | Entered Level 10 of the Dungeon
  8834 | D:10     | Found an opulent altar of Gozag.
  8854 | D:10     | Found a staircase to the Lair.
  8903 | D:10     | HP: 2/87 [wolf (9)]
  8969 | D:10     | Found a flagged portal.
  8987 | Bailey   | Entered a bailey
  9033 | Bailey   | Noticed an orc knight
  9072 | Bailey   | Killed an orc knight
  9414 | D:10     | Found a burning altar of Makhleb.
  9436 | D:10     | You fall into a shaft and drop 2 floors!
  9516 | D:12     | Noticed Lodul
  9525 | D:12     | Found a gate leading to a gauntlet.
  9534 | Gauntlet | Entered a Gauntlet
  9534 | Gauntlet | Noticed a moth of wrath
  9534 | Gauntlet | Found a transporter.
  9534 | Gauntlet | Found a transporter.
  9534 | Gauntlet | Found a transporter.
  9538 | Gauntlet | Found a transporter.
  9549 | Gauntlet | Found a transporter.
  9553 | Gauntlet | Found a large runed translucent door.
  9554 | Gauntlet | Found a large runed translucent door.
  9555 | Gauntlet | Found a large runed translucent door.
  9555 | Gauntlet | Found a large runed translucent door.
  9555 | Gauntlet | Found a runed translucent door.
  9570 | Gauntlet | Found a transporter.
  9590 | Gauntlet | Found a transporter.
  9608 | Gauntlet | Found a transporter.
  9612 | Gauntlet | Found a large runed translucent door.
  9613 | Gauntlet | Found a large runed translucent door.
  9614 | Gauntlet | Found a large runed translucent door.
  9614 | Gauntlet | Found a large runed translucent door.
  9614 | Gauntlet | Noticed a soul eater
  9615 | Gauntlet | Found a runed translucent gate.
  9616 | Gauntlet | Found a transporter.
  9616 | Gauntlet | Found a runed translucent gate.
  9617 | Gauntlet | Found a runed translucent gate.
  9618 | Gauntlet | Found a large runed translucent door.
  9618 | Gauntlet | Found a large runed translucent door.
  9619 | Gauntlet | Found a large runed translucent door.
  9620 | Gauntlet | Found a large runed translucent door.
  9629 | Gauntlet | Found a large runed translucent door.
  9629 | Gauntlet | Found a large runed translucent door.
  9629 | Gauntlet | Found a runed translucent door.
  9630 | Gauntlet | Found a large runed translucent door.
  9631 | Gauntlet | Found a large runed translucent door.
  9633 | Gauntlet | Found a transporter.
  9671 | Gauntlet | Found a transporter.
  9690 | Gauntlet | Found a transporter.
  9733 | Gauntlet | Reached skill level 5 in Spellcasting
  9733 | Gauntlet | Reached skill level 5 in Alchemy
  9751 | Gauntlet | Identified the ring of Moozuir {rF+ rC++ Dex-4 SInv}
  9753 | Gauntlet | Identified the ring of Pilosuil {rC++ rCorr Str+6}
  9795 | Gauntlet | Noticed a lightning spire
  9806 | Gauntlet | Received a gift from Okawaru
  9847 | Gauntlet | Killed a lightning spire
  9848 | Gauntlet | Reached skill level 9 in Fighting
  9903 | Gauntlet | Noticed a minotaur
  9912 | Gauntlet | Killed a minotaur
 10002 | D:12     | Demolished by Lodul

Illustrated notes

Levels and vault maps discovered:
D:1:      dpeg_arrival_shelter, layout_rooms, serial_shops,
          nicolae_shop_tiny_real_fake_doors, dreamdust_mushroom_princess
D:2:      wander_river, layout_basic, basic_altar, minmay_ruptured,
          uniq_sigmund, uniq_jessica
D:3:      layout_basic, st_stairs_8, serial_bayou_pond_c, minmay_misc_feat_five,
          amcnicky_mini_pool_small, uniq_ijyb
D:4:      layout_basic, gup_sewer_entry_glass, serial_park_tiny_1
D:5:      layout_loops_ring, slow_altar_1, lemuel_coloured_pillars_altar,
          kennysheep_mini, minmay_temple_entry_from_below_a
D:6:      kennysheep_kobold_camp, layout_loops_ring, cheibrodos_ashenzari_chains
D:7:      nzn_winding_woodlands_three_and_one
          [nzn_winding_woodlands_5x15_zeroes, nzn_winding_woodlands_5x15_twine,
          nzn_winding_woodlands_5x15_crooked,
          nzn_winding_woodlands_center_diamonds], layout_gridville
D:8:      layout_gridville, mainiacjoe_overflow_24_doors, zin_academy,
          uniq_erica
D:9:      layout_cave_pools, vehumet_crystals
D:10:     layout_basic, mainiacjoe_overflow_six_doors_small,
          nicolae_gozag_seed_capital, led_sif_pool, erik_lair_orcish_takeover,
          enter_bailey_4
D:12:     layout_irregular_city, david_orc_4, gauntlet_entry_generic,
          serial_bayou_pond_b, kennysheep_cluttered_room, uniq_lodul
Temple:   minmay_temple_bridge_abc

Skill      XL: |  1  2  3  4  5  6  7  8  9 10 11 |
---------------+----------------------------------+-----
Fighting       | 3 4 5 6 8 9 |  9.1
Polearms       | 5 6 |  6.3
Dodging        | 6 |  6.5
Stealth        | 1 3 5 6 7 |  7.2
Throwing       | 3 4 5 |  5.3
Short Blades   | 5 6 |  6.0
Shapeshifting  | 7 |  7.0
Evocations     | 3 5 |  5.6
Spellcasting   | 3 5 |  5.7
Alchemy        | 3 5 |  5.7
Conjurations   | 1 3 |  3.5

Action                     |  1- 3 |  4- 6 |  7- 9 | 10-12 || total
---------------------------+-------+-------+-------+-------++-------
  Melee: Trident           |    63 |   181 |   194 |       ||   438
         Punch             |       |     2 |     7 |     5 ||    14
         Tailslap          |       |       |     8 |     3 ||    11
         Dagger            |       |       |   239 |   300 ||   539
  Throw: Throwing net      |     3 |     1 |     2 |     3 ||     9
         Javelin           |       |     2 |     7 |       ||     9
         Boomerang         |       |       |     7 |   151 ||   158
         Dart              |       |       |     3 |     5 ||     8
 Invoke: Heroism           |       |       |       |     1 ||     1
  Evoke: Wand              |       |       |       |     6 ||     6
    Use: Scroll            |     1 |     4 |     5 |     9 ||    19
         Potion            |       |       |     3 |     8 ||    11
   Stab: Held in net/web   |     2 |     1 |     1 |       ||     4
         Sleeping          |     1 |     7 |    15 |     1 ||    24
         Distracted        |       |       |     1 |     1 ||     2
         Invisible         |       |       |       |     3 ||     3
 Armour: Leather armour    |    16 |    76 |   161 |   171 ||   424
  Dodge: Dodged            |    24 |   114 |   262 |   237 ||   637
   Form: Beast             |       |       |     1 |       ||     1

Table legend: (Time is in decaauts)
 A = Elapsed time spent in this place.
 B = Non-inter-level travel time spent in this place.
 C = Inter-level travel time spent in this place.
 D = Time resting spent in this place.
 E = Time spent auto-exploring this place.
 F = Levels seen in this place.
 G = Mean time per level.
                   A        B        C        D        E       F      G
               +--------+--------+--------+--------+--------+-----+--------+
         Total |   9689 |   9269 |    420 |   1703 |   5149 |  15 |  645.9 |
       Dungeon |   8544 |   8154 |    390 |   1679 |   4646 |  11 |  776.7 |
        Temple |     32 |      2 |     30 |      0 |      0 |   1 |   32.0 |
         Sewer |    415 |    415 |      0 |      0 |    209 |   1 |  415.0 |
        Bailey |    293 |    293 |      0 |      0 |    119 |   1 |  293.0 |
      Gauntlet |    404 |    404 |      0 |     24 |    173 |   1 |  404.0 |
               +--------+--------+--------+--------+--------+-----+--------+

Top non-repeatable levels by time:
     D:8: 1173 daAuts
     D:6: 1137 daAuts
     D:7: 1031 daAuts
     D:3: 993 daAuts
     D:4: 917 daAuts
     D:2: 791 daAuts
     D:5: 789 daAuts
     D:9: 789 daAuts
     D:1: 453 daAuts
   Sewer: 415 daAuts
Gauntlet: 404 daAuts
    D:10: 360 daAuts
  Bailey: 293 daAuts
    D:12: 107 daAuts
  Temple: 32 daAuts
